[Event "Titled Tuesday Blitz August 15 Late 2023"]
[White "Kashefi, Amir Hosein"]
[Black "Gubajdullin, Alexei"]
[WhiteFideId "12557935"]
[BlackFideId "4141202"]
[WhiteElo "2533"]
[BlackElo "2685"]
[Result "0-1"]
[Round "9"]
[TimeControl "180+1"]
[Date "2023.08.15"]
[WhiteClock "0:00:28"]
[BlackClock "0:01:18"]
[Board "42"]

1. e4 g6 2. d4 d6 3. Nc3 a6 4. Be3 b5 5. a3 Nd7 6. Nge2 Bb7 7. Qd2 Ngf6 8. Ng3 c5 9. h4 cxd4 10. Bxd4 h5 11. O-O-O Qc7 12. Kb1 Bg7 13. f4 e5 14. Be3 Ng4 15. Bxb5 Nxe3 16. Bxd7+ Qxd7 17. Qxe3 exf4 18. Qxf4 Be5 19. Qe3 O-O 20. Nge2 Rab8 21. Nd4 Rfc8 22. Rd3 Qg4 23. Nb3 Bxc3 24. Rxc3 Rxc3 25. Qxc3 Bxe4 26. Re1 Rc8 27. Rxe4 Qd1+ 28. Nc1 Rxc3 29. bxc3 Qh1 30. g3 Qxe4 0-1


[Site "https://www.chess.com"]

[Event "Titled Tuesday Blitz August 15 Late 2023"]
[White "Yurtseven, Melih"]
[Black "Goltsev, Dmitry"]
[WhiteFideId "6312160"]
[BlackFideId "24176710"]
[WhiteElo "2537"]
[BlackElo "2634"]
[Result "1-0"]
[Round "9"]
[TimeControl "180+1"]
[Date "2023.08.15"]
[WhiteClock "0:00:45"]
[BlackClock "0:00:04"]
[Board "43"]

1. b3 Nf6 2. Bb2 g6 3. g3 Bg7 4. Bg2 O-O 5. Nf3 Nh5 6. d4 d5 7. O-O c6 8. c4 Bg4 9. Nbd2 Qd7 10. Re1 Bh3 11. Bh1 f6 12. e4 Nf4 13. Qc2 Na6 14. Re3 Bh6 15. a3 Nc7 16. Rae1 dxc4 17. bxc4 Rae8 18. e5 Bf5 19. Qb3 Nh3+ 20. Kf1 Bxe3 21. Rxe3 b6 22. Nh4 Ng5 23. Nxf5 Qxf5 24. f4 Nge6 25. Bxc6 Rd8 26. d5 Nc5 27. Qc3 e6 28. exf6 Qxf6 29. Qxf6 Rxf6 30. Bxf6 Rf8 31. Be7 Rf7 32. Bxc5 bxc5 33. dxe6 Re7 34. Bd5 Kg7 35. Nf3 Kf6 36. g4 Ne8 37. g5+ Kf5 38. Re4 Rc7 39. Nh4+ Kg4 40. Ng2 Nd6 41. Ne3+ Kf3 42. Re5+ Kxf4 43. Ng4 Kxg4 44. e7 Ne8 45. Bf7 Kf4 46. Bxe8 Kxe5 47. Bd7 Rxd7 48. e8=Q+ Kd6 49. Qb8+ Kc6 50. Qa8+ Kd6 51. Qf8+ Kc6 52. Qf6+ Kc7 53. Qe5+ Kc6 54. Qe6+ Kc7 55. h4 Rd4 56. Qe7+ Kb6 57. Qxh7 Ka5 58. Qxg6 Rxh4 59. Qf6 Rxc4 60. g6 Rc1+ 61. Ke2 Rc2+ 62. Kd1 Rg2 63. g7 Ka4 64. Qf7 Rg1+ 65. Ke2 Rg2+ 66. Kf1 Rg5 67. g8=Q Rxg8 68. Qxg8 Kxa3 69. Qc4 a5 70. Qxc5+ Ka4 71. Qc4+ Ka3 72. Qc3+ Ka4 73. Ke2 Kb5 74. Qa1 Kb4 75. Kd2 a4 76. Kc1 Kb3 77. Kb1 a3 78. Qa2+ Kb4 79. Kc1 Ka4 80. Kc2 Kb4 81. Kd3 Ka4 82. Kc3 Ka5 83. Kb3 Kb5 84. Qxa3 1-0


[Site "https://www.chess.com"]

[Event "Titled Tuesday Blitz August 15 Late 2023"]
[White "NigelDwarf"]
[Black "Papayan, Oleg"]
[BlackFideId "4193911"]
[WhiteElo "2501"]
[BlackElo "2626"]
[Result "1-0"]
[Round "9"]
[TimeControl "180+1"]
[Date "2023.08.15"]
[WhiteClock "0:00:57"]
[BlackClock "0:00:00"]
[Board "44"]

1. Nf3 Nf6 2. g3 c5 3. Bg2 Nc6 4. O-O e5 5. d3 d5 6. e4 d4 7. a4 Be6 8. Na3 Qd7 9. Ng5 Bg4 10. f3 Bh5 11. Bh3 Qd8 12. Bg2 h6 13. Nh3 Qd7 14. Nc4 O-O-O 15. Bd2 g5 16. Nf2 Bd6 17. Bh3 g4 18. fxg4 Kb8 19. gxh5 Qe7 20. Nxd6 Qxd6 21. Qf3 Rdg8 22. Nd1 Ne8 23. Qxf7 Rf8 24. Qe6 Rxf1+ 25. Kxf1 Qc7 26. Kg2 Ng7 27. Qd7 Nxh5 28. Qxc7+ Kxc7 29. Nf2 Kd6 30. Ng4 a6 31. Nxh6 b5 32. Nf7+ 1-0


[Site "https://www.chess.com"]

[Event "Titled Tuesday Blitz August 15 Late 2023"]
[White "Mendez Fortes, Eduardo Jesus"]
[Black "Jovic, Stanoje"]
[WhiteFideId "3502376"]
[BlackFideId "905020"]
[WhiteElo "2605"]
[BlackElo "2497"]
[Result "1-0"]
[Round "9"]
[TimeControl "180+1"]
[Date "2023.08.15"]
[WhiteClock "0:00:16"]
[BlackClock "0:00:00"]
[Board "45"]

1. e4 c6 2. d4 d5 3. e5 c5 4. dxc5 e6 5. a3 Bxc5 6. b4 Be7 7. Nf3 f6 8. c4 Nc6 9. cxd5 exd5 10. Bb2 Bg4 11. Be2 Nh6 12. O-O O-O 13. exf6 Bxf6 14. Bxf6 Qxf6 15. Nbd2 Rae8 16. h3 Bc8 17. Bd3 Nf5 18. Nb3 Kh8 19. Rc1 Nd6 20. Nfd2 Qg5 21. Kh1 Qh4 22. Nf3 Qf4 23. Nh2 Ne4 24. Bxe4 dxe4 25. Qe2 Ne5 26. Nc5 Nd3 27. Nxd3 exd3 28. Qxd3 Rd8 29. Qg3 Qxg3 30. fxg3 Rxf1+ 31. Nxf1 Be6 32. Kg1 h6 33. Rc7 Rd1 34. Kf2 Ra1 35. Rc3 Ra2+ 36. Kg1 b5 37. Ne3 Kh7 38. g4 Kg6 39. Nc2 Kf6 40. Nd4 Bc4 41. Re3 Rd2 42. Nf3 g5 43. Nxd2 1-0


[Site "https://www.chess.com"]

[Event "Titled Tuesday Blitz August 15 Late 2023"]
[White "brm72"]
[Black "Vlassov, Nikolai"]
[BlackFideId "4103360"]
[WhiteElo "2488"]
[BlackElo "2602"]
[Result "1-0"]
[Round "9"]
[TimeControl "180+1"]
[Date "2023.08.15"]
[WhiteClock "0:00:01"]
[BlackClock "0:00:00"]
[Board "46"]

1. e4 Nc6 2. Nf3 d5 3. exd5 Qxd5 4. Nc3 Qa5 5. d4 Bg4 6. Bb5 O-O-O 7. Bxc6 bxc6 8. h3 Qh5 9. Qd3 Bxf3 10. gxf3 e6 11. Qa6+ Kd7 12. Qe2 Bb4 13. Bd2 Ne7 14. Ne4 Bxd2+ 15. Nxd2 Qb5 16. Nc4 Ng6 17. O-O-O Ke7 18. b3 a5 19. h4 a4 20. h5 axb3 21. cxb3 Nf4 22. Qe4 Nd5 23. Rd2 Ra8 24. h6 g5 25. Re1 Nc3 26. Qe5 Nxa2+ 27. Kb2 Nb4 28. Qxc7+ Kf6 29. Qe5+ Qxe5 30. dxe5+ Kg6 31. Rd7 Ra2+ 32. Kc3 Nd5+ 33. Kd4 Rxf2 34. Ke4 Rb8 35. Rb1 Rc2 36. Kd4 Nc3 37. Rg1 Rxb3 38. Nd6 Nb5+ 39. Ke4 1-0


[Site "https://www.chess.com"]

[Event "Titled Tuesday Blitz August 15 Late 2023"]
[White "Gurevich, Dmitry"]
[Black "Isajevsky, Anton"]
[WhiteFideId "2000407"]
[BlackFideId "4142500"]
[WhiteElo "2483"]
[BlackElo "2593"]
[Result "0-1"]
[Round "9"]
[TimeControl "180+1"]
[Date "2023.08.15"]
[WhiteClock "0:01:58"]
[BlackClock "0:01:36"]
[Board "47"]

1. d4 d5 2. c4 e6 3. Nf3 Nf6 4. e3 Be7 5. Nc3 O-O 6. b3 b6 7. Bd3 Bb7 8. O-O Nbd7 9. cxd5 exd5 10. Bb2 a6 11. Rc1 Bd6 12. Ne2 Re8 13. Ng3 g6 14. Rc2 Ng4 15. Re1 Ndf6 16. h3 Nxe3 17. Rce2 Nxd1 0-1


[Site "https://www.chess.com"]

[Event "Titled Tuesday Blitz August 15 Late 2023"]
[White "Bazilius, Augustinas"]
[Black "Przybylski, Wojciech"]
[WhiteFideId "12832251"]
[BlackFideId "1117599"]
[WhiteElo "2484"]
[BlackElo "2566"]
[Result "1-0"]
[Round "9"]
[TimeControl "180+1"]
[Date "2023.08.15"]
[WhiteClock "0:00:16"]
[BlackClock "0:00:07"]
[Board "48"]

1. e4 c5 2. d3 d5 3. exd5 Nf6 4. Nc3 Nxd5 5. Nxd5 Qxd5 6. Nf3 Nc6 7. Be2 g6 8. O-O Bg7 9. c3 O-O 10. Qc2 e5 11. Nd2 Bf5 12. Rd1 Rad8 13. Ne4 c4 14. Bg5 f6 15. Be3 b5 16. dxc4 Qxe4 17. Qxe4 Bxe4 18. cxb5 Na5 19. b4 Nb7 20. Bxa7 Bc2 21. Bc4+ Kh8 22. Rd5 Nd6 23. Bb6 Rc8 24. Rxd6 Rxc4 25. a4 Rxc3 26. a5 Ba4 27. Rd5 Rfc8 28. Be3 Bb3 29. Rc5 f5 30. b6 e4 31. b7 Rg8 32. Rxc3 Bxc3 33. Ra3 Rd8 34. g4 Bd1 35. Rxc3 Bf3 36. Rc8 Kg7 37. Rxd8 f4 38. Bd4+ Kh6 39. b8=Q Kg5 40. Qxf4+ Kxf4 41. Rf8+ Kxg4 42. Rxf3 exf3 43. a6 g5 44. a7 h5 45. a8=N Kh3 46. b5 g4 47. Be5 h4 48. b6 g3 49. hxg3 hxg3 50. Bxg3 Kg4 51. b7 Kf5 52. b8=N Ke4 53. Nd7 Kf5 54. Nc5 Kg4 55. Nd3 Kf5 56. Ne1 Kg4 57. Nb6 Kh3 58. Nxf3 Kg4 59. Kg2 Kf5 60. Nc4 Ke4 61. Ncd2+ Kf5 62. Ne1 Kg4 63. f4 Kf5 64. Kf3 Kf6 65. Nb1 Ke6 66. Nd3 Kf5 67. Nc1 Ke6 68. Ke4 Kf6 69. f5 Ke7 70. Ke5 Kd7 71. f6 Kc6 72. f7 Kc5 73. f8=R Kc4 74. Rc8+ Kb4 75. Nd3+ Kb3 76. Nd2+ Ka4 77. Ra8+ Kb5 78. Kd5 Kb6 79. Bf2+ Kb7 80. Ra7+ Kb8 81. Nc5 Kc8 82. Ndb3 Kb8 83. Nd4 Kc8 84. Nb5 Kd8 85. Ne6+ Kc8 86. Nd6+ Kb8 87. Rb7+ Ka8 88. Nc7# 1-0


[Site "https://www.chess.com"]

[Event "Titled Tuesday Blitz August 15 Late 2023"]
[White "djathtaspogradec"]
[Black "Shapiro, Viktor"]
[BlackFideId "4175700"]
[WhiteElo "2473"]
[BlackElo "2564"]
[Result "1-0"]
[Round "9"]
[TimeControl "180+1"]
[Date "2023.08.15"]
[WhiteClock "0:00:20"]
[BlackClock "0:00:04"]
[Board "49"]

1. e4 e5 2. Nf3 Nc6 3. Bc4 Bc5 4. c3 Nf6 5. d3 O-O 6. a4 a5 7. O-O d6 8. Nbd2 Be6 9. h3 h6 10. Bb5 Ba7 11. Re1 Ne7 12. d4 Ng6 13. Nf1 c6 14. Bd3 Qc7 15. Ng3 Rfe8 16. Bc2 Rad8 17. Be3 Nf4 18. Qd2 g5 19. Nf5 Bxf5 20. exf5 e4 21. Bxf4 gxf4 22. Qxf4 exf3 23. Qxh6 Rxe1+ 24. Rxe1 Re8 25. Rxe8+ Nxe8 26. f6 Nxf6 27. Qxf6 d5 28. Qxf3 Bb8 29. g3 Qd6 30. Kg2 Bc7 31. Qf5 Kf8 32. Qc8+ Ke7 33. Qxb7 Qd7 34. Bf5 Qd8 35. Qxc6 Bd6 36. Qxd5 Qb8 37. b3 Qc7 38. c4 Bb4 39. c5 Kf6 40. Bd3 Qe7 41. Qf5+ Kg7 42. Qh7+ Kf8 43. Qh8# 1-0


[Site "https://www.chess.com"]

[Event "Titled Tuesday Blitz August 15 Late 2023"]
[White "Bueno, Alfeu Junior Varela"]
[Black "Francisco Guecamburu, Candela Be"]
[WhiteFideId "2108879"]
[BlackFideId "160911"]
[WhiteElo "2468"]
[BlackElo "2550"]
[Result "0-1"]
[Round "9"]
[TimeControl "180+1"]
[Date "2023.08.15"]
[WhiteClock "0:00:00"]
[BlackClock "0:00:13"]
[Board "50"]

1. e4 c5 2. Nc3 g6 3. f4 Bg7 4. Nf3 Nc6 5. Bb5 Nd4 6. O-O Nxb5 7. Nxb5 d5 8. exd5 a6 9. Nc3 Nf6 10. d4 Nxd5 11. dxc5 Nxc3 12. Qxd8+ Kxd8 13. bxc3 Bxc3 14. Rb1 Kc7 15. Rb3 Bf6 16. Bd2 Kc6 17. Ba5 Kxc5 18. Rb6 Be6 19. Nd2 Bd5 20. c4 Bc6 21. Rd1 Kd6 22. Ne4+ Ke6 23. Ng3 h5 24. Kf2 h4 25. Ne2 Kf5 26. Ke3 Rac8 27. Nd4+ Bxd4+ 28. Rxd4 Bxg2 29. Rb2 Bc6 30. Re2 Rhe8 31. h3 e5 32. fxe5 Rxe5+ 33. Kf2 Rxa5 0-1


[Site "https://www.chess.com"]

[Event "Titled Tuesday Blitz August 15 Late 2023"]
[White "Postlmayer, Jakob"]
[Black "Kubatko, Ivan"]
[WhiteFideId "1643622"]
[BlackFideId "24111473"]
[WhiteElo "2546"]
[BlackElo "2462"]
[Result "1-0"]
[Round "9"]
[TimeControl "180+1"]
[Date "2023.08.15"]
[WhiteClock "0:00:49"]
[BlackClock "0:00:01"]
[Board "51"]

1. d4 d5 2. Nf3 Nf6 3. e3 Bg4 4. h3 Bh5 5. c4 c6 6. Nc3 e6 7. g4 Bg6 8. Ne5 Nbd7 9. h4 Bb4 10. h5 Ne4 11. hxg6 Nxc3 12. gxf7+ Ke7 13. bxc3 Bxc3+ 14. Bd2 Bxa1 15. Qxa1 Nxe5 16. dxe5 Kxf7 17. Qd4 Qe7 18. Bd3 g6 19. Qf4+ Kg8 20. cxd5 exd5 21. Qd4 Qe6 22. g5 b6 23. e4 Rd8 24. Bc4 Kg7 25. exd5 cxd5 26. Bd3 Rhf8 27. f4 a6 28. Qf2 Rf5 29. Qh4 Qg8 30. Qh6+ Kh8 31. Bxf5 gxf5 32. Qf6+ 1-0


[Site "https://www.chess.com"]

[Event "Titled Tuesday Blitz August 15 Late 2023"]
[White "Silvestre, Christian"]
[Black "Deng, Henry"]
[WhiteFideId "30956269"]
[BlackFideId "30965454"]
[WhiteElo "2390"]
[BlackElo "2540"]
[Result "0-1"]
[Round "9"]
[TimeControl "180+1"]
[Date "2023.08.15"]
[WhiteClock "0:02:02"]
[BlackClock "0:01:46"]
[Board "52"]

1. e4 c5 2. Nc3 e6 3. f4 d5 4. d3 Nc6 5. g3 g6 6. Bg2 Nge7 7. Nge2 Bg7 8. O-O O-O 9. Rb1 Rb8 10. a3 b5 11. Kh1 b4 12. axb4 cxb4 13. Na4 b3 14. c4 Qa5 15. exd5 exd5 16. cxd5 Nxd5 17. Nac3 Nxc3 18. Nxc3 Nd4 19. Ra1 Qxa1 0-1


[Site "https://www.chess.com"]

[Event "Titled Tuesday Blitz August 15 Late 2023"]
[White "Polaczek, Richard"]
[Black "subham777"]
[WhiteFideId "200026"]
[WhiteElo "2389"]
[BlackElo "2540"]
[Result "0-1"]
[Round "9"]
[TimeControl "180+1"]
[Date "2023.08.15"]
[WhiteClock "0:00:59"]
[BlackClock "0:00:52"]
[Board "53"]

1. d4 d5 2. c4 e6 3. Nc3 Nf6 4. cxd5 exd5 5. Bg5 c6 6. Qc2 Bd6 7. Bxf6 Qxf6 8. e3 O-O 9. Bd3 h6 10. Nge2 Qh4 11. h3 Na6 12. a3 Nc7 13. Bh7+ Kh8 14. Bf5 Be6 15. g3 Qf6 16. Bxe6 fxe6 17. Nf4 Bxf4 18. gxf4 Ne8 19. O-O-O Nd6 20. Kb1 a5 21. Rdg1 b5 22. Rg6 Qf7 23. Rhg1 b4 24. Rxg7 Qxg7 25. Rxg7 Kxg7 26. axb4 axb4 27. Na4 Nc4 28. Nc5 b3 29. Qe2 Ra2 30. Qg4+ Kh7 31. Nxe6 Rxb2+ 32. Kc1 Rc2+ 33. Kd1 Nb2+ 34. Ke1 Nd3+ 35. Kf1 Rxf2+ 36. Kg1 Rg8 0-1


[Site "https://www.chess.com"]

[Event "Titled Tuesday Blitz August 15 Late 2023"]
[White "Bullen, Alex"]
[Black "Dragomirescu, Robin-Alexandru"]
[WhiteFideId "1801627"]
[BlackFideId "1213849"]
[WhiteElo "2356"]
[BlackElo "2537"]
[Result "0-1"]
[Round "9"]
[TimeControl "180+1"]
[Date "2023.08.15"]
[WhiteClock "0:00:00"]
[BlackClock "0:01:32"]
[Board "54"]

1. d4 Nf6 2. Nf3 e6 3. Bf4 b6 4. e3 Bb7 5. Bd3 Be7 6. Nbd2 d5 7. h4 c5 8. Ne5 c4 9. Be2 Nc6 10. c3 Nxe5 11. Bxe5 O-O 12. g4 b5 13. Bxf6 Bxf6 14. g5 Be7 15. f4 b4 16. h5 bxc3 17. bxc3 Qa5 18. Qc2 Bc6 19. a4 Rab8 20. Kf2 Rb6 21. g6 fxg6 22. h6 Rfb8 23. Ra2 Rb3 24. Rb1 Qb6 25. Rg1 Rb2 26. Rxb2 Qxb2 27. Qxb2 Rxb2 28. hxg7 Rxd2 29. Rb1 Kxg7 30. Ke1 Ra2 0-1


[Site "https://www.chess.com"]

[Event "Titled Tuesday Blitz August 15 Late 2023"]
[White "Ardila, Oscar Humberto"]
[Black "Peycheva, Gergana"]
[WhiteFideId "4404742"]
[BlackFideId "2916711"]
[WhiteElo "2305"]
[BlackElo "2519"]
[Result "0-1"]
[Round "9"]
[TimeControl "180+1"]
[Date "2023.08.15"]
[WhiteClock "0:00:00"]
[BlackClock "0:00:20"]
[Board "55"]

1. d4 d5 2. c4 dxc4 3. Qa4+ Nd7 4. Qxc4 e6 5. Nf3 a6 6. Bf4 c5 7. e3 b5 8. Qc2 Bb7 9. Nbd2 Rc8 10. dxc5 Bxc5 11. Qd1 Ngf6 12. Be2 O-O 13. O-O Nb6 14. Nb3 Be7 15. Qxd8 Rfxd8 16. Rac1 Nfd5 17. Be5 Na4 18. Na5 Ba8 19. b3 Nac3 20. Bxc3 Nxc3 21. Rc2 Bb4 22. a3 Nxe2+ 23. Rxe2 Bxf3 24. gxf3 Bxa5 25. b4 Bb6 26. Kg2 Rc3 27. Ra1 g5 28. a4 Rd5 29. axb5 axb5 30. Ra8+ Kg7 31. Rb8 Bc7 32. Rb7 Bd6 33. Rb2 h6 34. h3 Rc4 35. Rb3 Rxb4 36. Rxb4 Bxb4 37. e4 Rc5 38. Kf1 Bd2 39. Ke2 Bf4 40. Kd3 Kf6 41. Kd4 Rc4+ 42. Kd3 Rb4 43. Rb6 Rb1 44. Kc2 Rf1 45. Kd3 Rxf2 46. Rxb5 Rxf3+ 47. Ke2 Rxh3 48. Kf2 Rh2+ 49. Kf3 h5 50. e5+ Bxe5 51. Ke4 Re2+ 52. Kf3 Re1 53. Rb7 g4+ 54. Kf2 Ra1 55. Rb5 g3+ 56. Kg2 Ra2+ 57. Kf3 Rf2+ 58. Ke3 Rf5 59. Rb7 g2 60. Rb1 Bh2 0-1


[Site "https://www.chess.com"]

[Event "Titled Tuesday Blitz August 15 Late 2023"]
[White "Cnejev, Vladimir-Alexandru"]
[Black "Dr_Pepper18"]
[WhiteFideId "1260898"]
[WhiteElo "2572"]
[BlackElo "2341"]
[Result "0-1"]
[Round "9"]
[TimeControl "180+1"]
[Date "2023.08.15"]
[WhiteClock "0:00:00"]
[BlackClock "0:00:38"]
[Board "56"]

1. Nf3 Nf6 2. b3 g6 3. Bb2 Bg7 4. e3 O-O 5. c4 c5 6. Nc3 Nc6 7. d4 cxd4 8. Nxd4 d5 9. cxd5 Nxd4 10. Qxd4 Nxd5 11. Qxg7+ Kxg7 12. Nxd5+ Kg8 13. O-O-O Be6 14. Nf6+ exf6 15. Rxd8 Rfxd8 16. Bd4 Rac8+ 17. Kb2 Bf5 18. Bc4 a6 19. a4 b5 20. axb5 axb5 21. Bxb5 Rc2+ 22. Ka3 Rxf2 23. Rc1 Be6 24. Rc7 Ra8+ 25. Kb4 Rb8 26. Rc3 Bd7 27. Rc5 Rf5 0-1


[Site "https://www.chess.com"]

[Event "Titled Tuesday Blitz August 15 Late 2023"]
[White "Michalczak, Thomas"]
[Black "Fiorito, Joaquin"]
[WhiteFideId "4622634"]
[BlackFideId "180173"]
[WhiteElo "2489"]
[BlackElo "2657"]
[Result "1-0"]
[Round "9"]
[TimeControl "180+1"]
[Date "2023.08.15"]
[WhiteClock "0:02:21"]
[BlackClock "0:02:30"]
[Board "57"]

1. e4 c5 2. c3 e5 3. Nf3 Nc6 4. Bc4 Nf6 5. Ng5 d5 6. exd5 Nxd5 7. Qh5 g6 8. Qf3 Qxg5 9. Bxd5 Nd8 10. O-O Bd6 11. d4 Qg4 12. Qf6 O-O 13. Bh6 1-0


[Site "https://www.chess.com"]

[Event "Titled Tuesday Blitz August 15 Late 2023"]
[White "Gamayev, Oleg"]
[Black "Nathan, Nitish"]
[WhiteFideId "2802813"]
[BlackFideId "30927870"]
[WhiteElo "2568"]
[BlackElo "2477"]
[Result "1-0"]
[Round "9"]
[TimeControl "180+1"]
[Date "2023.08.15"]
[WhiteClock "0:02:57"]
[BlackClock "0:01:42"]
[Board "58"]

1. d3 d5 2. e4 dxe4 3. dxe4 Qxd1+ 4. Kxd1 e5 5. Nf3 Nc6 6. Nfd2 Nf6 7. f3 Bc5 8. c3 O-O 9. Kc2 Be6 10. a4 a5 11. Bc4 Rfe8 12. Bxe6 Rxe6 13. Nc4 Rd8 14. Nbd2 b6 15. Nb3 Bf8 16. Bg5 h6 17. Bxf6 Rxf6 18. Rhd1 Rc8 19. Rd2 Re6 20. Rad1 Ree8 21. h3 f6 22. Rd7 Re7 23. Rxe7 Bxe7 24. Rd7 Kf7 25. Rd5 Ke6 26. Rd3 Rd8 27. Rxd8 Bxd8 28. Nc1 Be7 29. Nd3 Nb8 30. Ne3 Bf8 31. Kb3 Na6 32. Nc2 c6 33. Ne3 Nc5+ 34. Nxc5+ Bxc5 35. Nc2 g6 36. Kc4 Be7 37. b4 axb4 38. cxb4 Bd8 39. b5 c5 40. Ne1 f5 41. Kd3 f4 42. Nc2 h5 43. Na3 Bc7 44. Nc4 Kd7 45. Kc3 Kc8 46. Kd2 Kb7 47. Ke2 g5 48. Kf2 h4 49. Ke2 Ka7 50. Kd3 Kb7 51. Kc3 Ka7 52. Kb3 Kb7 53. Nb2 Bb8 54. Kc4 Kc8 55. Kd5 Kd7 56. Nc4 Bc7 57. Nxe5+ Ke7 58. Nc4 Kd7 59. e5 Ke7 60. a5 bxa5 61. b6 Bb8 62. Nxa5 Kd7 63. e6+ Ke8 64. Kxc5 Ke7 65. Kd5 Ke8 66. Nc6 g4 67. Nxb8 g3 68. Nc6 Kf8 69. Ke5 Kg7 70. Kxf4 Kh7 71. Kg4 Kg7 72. Kxh4 Kh7 73. Kxg3 Kg7 74. Kf4 Kf6 75. e7 Ke6 76. e8=Q+ Kd6 77. Qe5+ Kxc6 78. Qc7+ Kb5 79. b7 Ka4 80. b8=Q Ka3 81. Qca7# 1-0


[Site "https://www.chess.com"]

[Event "Titled Tuesday Blitz August 15 Late 2023"]
[White "Kirillov, Dmitry"]
[Black "Chor, Kevin"]
[WhiteFideId "34180572"]
[BlackFideId "2090740"]
[WhiteElo "2475"]
[BlackElo "2565"]
[Result "1-0"]
[Round "9"]
[TimeControl "180+1"]
[Date "2023.08.15"]
[WhiteClock "0:00:08"]
[BlackClock "0:00:13"]
[Board "59"]

1. d4 Nf6 2. Nf3 g6 3. g3 Bg7 4. Bg2 O-O 5. O-O d6 6. c4 Nc6 7. Nc3 Bf5 8. Ne1 Bd7 9. b3 e5 10. dxe5 dxe5 11. Bb2 Qe7 12. Nc2 Rad8 13. Ne3 Nd4 14. Ned5 Nxd5 15. Nxd5 Qg5 16. e3 Bg4 17. f3 Rxd5 18. exd4 Rd7 19. fxg4 exd4 20. Bxb7 Qc5 21. b4 Qb6 22. Bd5 d3+ 23. c5 Qxb4 24. Bxg7 Qxc5+ 25. Rf2 Kxg7 26. Bf3 d2 27. Kg2 Qc3 28. Rb1 Re8 29. Qb3 Qd4 30. Rd1 Qe5 31. Rfxd2 Rxd2+ 32. Rxd2 Qe1 33. Qb2+ f6 34. Rd7+ Re7 35. Qd2 Qe6 36. Rd8 Rf7 37. Bd5 Rd7 38. Bxe6 Rxd2+ 39. Rxd2 Kh6 40. Rd7 Kg5 41. Rxc7 f5 42. gxf5 h5 43. Rxa7 h4 44. fxg6 Kh5 45. g4+ Kh6 46. Rh7+ Kg5 47. Rh5+ Kf4 48. Rxh4 Kg5 49. Kf1 Kxh4 50. g7 Kh3 51. g8=Q Kxh2 52. g5 Kg3 53. g6 Kh2 54. Bc8 Kg3 55. Bb7 Kh2 56. g7 Kg3 57. Qf7 Kh4 58. g8=Q Kh3 59. Qfh7# 1-0


[Site "https://www.chess.com"]

[Event "Titled Tuesday Blitz August 15 Late 2023"]
[White "Graif, William"]
[Black "KrokerGuy"]
[WhiteFideId "2609835"]
[WhiteElo "2552"]
[BlackElo "2458"]
[Result "1-0"]
[Round "9"]
[TimeControl "180+1"]
[Date "2023.08.15"]
[WhiteClock "0:00:07"]
[BlackClock "0:00:00"]
[Board "60"]

1. e4 e5 2. Nf3 Nc6 3. d4 exd4 4. c3 dxc3 5. Bc4 d6 6. Qb3 Qd7 7. Nxc3 Na5 8. Qb4 Nxc4 9. Qxc4 Nf6 10. O-O Be7 11. Bg5 O-O 12. Rad1 h6 13. Bxf6 Bxf6 14. e5 Be7 15. Nd5 Bd8 16. Nf4 Re8 17. Rfe1 Qc6 18. Qxc6 bxc6 19. exd6 Rxe1+ 20. Rxe1 Kf8 21. Ne5 cxd6 22. Nxc6 Bg5 23. Nd3 Bb7 24. Na5 Bd5 25. Nb4 Be6 26. Rd1 Rd8 27. Nac6 Rd7 28. Nd4 Be7 29. Nbc6 Bd8 30. Nxd8 Rxd8 31. Nb5 Ke7 32. Nxa7 Ra8 33. Nc6+ Kd7 34. Nb4 Bxa2 35. Ra1 Bd5 36. Rxa8 Bxa8 37. Kf1 Kc7 38. g3 Kb6 39. Ke2 Kb5 40. Nd3 Kc4 41. Ke3 Kb3 42. Kd4 Bb7 43. f4 g6 44. h4 h5 45. Ke3 Ba6 46. Nf2 f5 47. Kd4 Bb7 48. Nd1 Bf3 49. Ne3 Kxb2 50. Nc4+ Kc2 51. Nxd6 Kd2 52. Ke5 Ke2 53. Kf6 Kf2 54. Kxg6 Kxg3 55. Nxf5+ Kxf4 56. Ng7 Kg3 57. Kg5 Bg4 58. Nxh5+ Kf3 59. Nf6 Be6 60. h5 Bf7 61. h6 1-0


[Site "https://www.chess.com"]

[Event "Titled Tuesday Blitz August 15 Late 2023"]
[White "Golubev, Mikhail"]
[Black "Tsyhanchuk, Stanislav"]
[WhiteFideId "14100983"]
[BlackFideId "13505130"]
[WhiteElo "2551"]
[BlackElo "2456"]
[Result "0-1"]
[Round "9"]
[TimeControl "180+1"]
[Date "2023.08.15"]
[WhiteClock "0:00:00"]
[BlackClock "0:00:16"]
[Board "61"]

1. e4 c5 2. Nf3 d6 3. d4 cxd4 4. Nxd4 Nf6 5. Nc3 a6 6. Bc4 e6 7. Bb3 Nbd7 8. f4 Nc5 9. Qf3 Be7 10. Be3 O-O 11. O-O Bd7 12. e5 dxe5 13. fxe5 Ne8 14. Rad1 Nxb3 15. axb3 Qc7 16. Bf4 Rc8 17. Kh1 b5 18. Nf5 exf5 19. e6 Bc6 20. Nd5 Bxd5 21. Qxd5 Qxc2 22. Qd7 Rd8 0-1


[Site "https://www.chess.com"]

[Event "Titled Tuesday Blitz August 15 Late 2023"]
[White "Budrewicz, Krzysztof"]
[Black "dr_tatiana"]
[WhiteFideId "1127950"]
[WhiteElo "2550"]
[BlackElo "2448"]
[Result "1-0"]
[Round "9"]
[TimeControl "180+1"]
[Date "2023.08.15"]
[WhiteClock "0:00:06"]
[BlackClock "0:00:00"]
[Board "62"]

1. d4 d5 2. c4 c6 3. Nc3 Nf6 4. Nf3 dxc4 5. a4 Bf5 6. e3 e6 7. Bxc4 Bb4 8. O-O O-O 9. Bd2 Nbd7 10. h3 Bg6 11. Qe2 Re8 12. Rfd1 Nb6 13. Bd3 Bh5 14. g4 Bg6 15. Bxg6 hxg6 16. Ne5 a5 17. Qf3 Bxc3 18. Bxc3 Qd5 19. Qf4 Qe4 20. Qg3 Nfd7 21. Nd3 g5 22. Qg2 Qg6 23. Qf3 Nd5 24. Be1 e5 25. dxe5 Nxe5 26. Nxe5 Rxe5 27. Rac1 Rae8 28. b3 f5 29. Rd4 Rf8 30. gxf5 Rexf5 31. Qg3 Nf6 32. Rcd1 Nh5 33. Qg4 Nf6 34. Qg2 Nd5 35. Rg4 Qh5 36. Rdd4 Nf6 37. Rg3 Re8 38. Rgg4 Rfe5 39. Rg3 Qe2 40. Qf1 Qa2 41. Qc4+ Kh7 42. Rd2 Qa1 43. Qc2+ Kg8 44. Rd1 Qa3 45. Bc3 Re4 46. Rxg5 Nd5 47. Rxg7+ Kf8 48. Bb2 Qb4 49. Rg3 Qe7 50. Rd4 Nf6 51. Rxe4 Nxe4 52. Rf3+ Kg8 53. Qc4+ Qe6 54. Qxe6+ Rxe6 55. Bd4 Rg6+ 56. Kh2 Nd2 57. Rf4 Nxb3 58. Bc3 Nc1 59. Bxa5 Ne2 60. Rg4 Kf7 61. Rxg6 Kxg6 62. Kg2 c5 63. Kf3 Ng1+ 64. Kg4 c4 65. f4 Ne2 66. f5+ Kf7 67. Kf3 Ng1+ 68. Ke4 Nxh3 69. Kd5 Nf2 70. Kxc4 Kf6 71. Kb5 Ne4 72. Kb6 Nd6 73. Kc7 Nc4 74. Bb6 Kxf5 75. Kxb7 Ke4 76. Bd4 Na5+ 77. Kb6 Nb3 78. a5 1-0


[Site "https://www.chess.com"]

[Event "Titled Tuesday Blitz August 15 Late 2023"]
[White "Grossboss19"]
[Black "Villiers, Thomas"]
[BlackFideId "427209"]
[WhiteElo "2548"]
[BlackElo "2448"]
[Result "1-0"]
[Round "9"]
[TimeControl "180+1"]
[Date "2023.08.15"]
[WhiteClock "0:00:39"]
[BlackClock "0:01:11"]
[Board "63"]

1. e4 c5 2. Nf3 e6 3. Nc3 Nc6 4. Be2 Nge7 5. O-O g6 6. d4 cxd4 7. Nxd4 Bg7 8. Be3 O-O 9. Ndb5 d5 10. exd5 exd5 11. Nd4 Be6 12. Bf3 Ne5 13. Be2 Qc7 14. Ncb5 Qd7 15. Nxe6 fxe6 16. c3 a6 17. Nd4 N7c6 18. Nxc6 bxc6 19. f4 Nf7 20. Qa4 Nd6 21. Bd3 Qb7 22. Bc5 Rfd8 23. Rf2 Qc8 24. Re1 Nb7 25. Bb6 Re8 26. Rfe2 c5 27. Bxa6 c4 28. Qb5 Rxa6 29. Qxa6 Qc6 30. a4 Nc5 31. Qb5 Qxb5 32. axb5 Nd3 33. Rxe6 Rb8 34. Re8+ Rxe8 35. Rxe8+ Kf7 36. Re2 Nxb2 37. Rxb2 Bxc3 38. Rb1 Ke6 39. Bc7 Bd4+ 40. Kf1 c3 41. Be5 Bxe5 42. fxe5 d4 43. Ke2 Kd5 44. b6 Kc4 45. b7 d3+ 46. Ke3 c2 47. Rc1 Kc3 48. b8=Q d2 49. Qc7+ Kb2 50. Kxd2 g5 51. Qb7+ Ka2 52. Rxc2+ Ka1 53. Rc6 g4 54. Ra6# 1-0


[Site "https://www.chess.com"]